 Dungeon Crawl Stone Soup version 0.30.0-10-gfe55d96785 (webtiles) character file.

Game seed: 5590248980949135272

321 GigaChad the Shield-Bearer (level 6, 0/49 HPs)
             Began as a Formicid Fighter on May 16, 2023.
             Killed from afar by Dowan (4 damage)
             ... with a puff of frost
             ... on level 4 of the Dungeon.
             The game lasted 00:03:53 (3115 turns).

GigaChad the Shield-Bearer (Formicid Fighter)       Turns: 3115, Time: 00:03:54

Health: 0/49       AC:  8    Str: 22    XL:     6   Next: 76%
Magic:  6/6        EV:  9    Int:  8    God:
Gold:   165        SH:  5    Dex: 13    Spells: 5/5 levels left

rFire   . . .        a - +2 war axe (venom)
rCold   . . .        c - +0 buckler
rNeg    . . .        i - +1 scale mail {rPois}
rPois   +            (helmet unavailable)
rElec   .            (no cloak)
rCorr   .            (no gloves)
SInv    +            (no boots)
Will    .....        l - amulet of the acrobat Stlth
                     (no ring)
HPRegen 0.28/turn    (no ring)
MPRegen 0.10/turn

%: acrobat
@: lethally poisoned (0 -> -3)
A: permanent stasis, dig shafts and tunnels, antennae 3, four strong arms
a: Dig, Shaft Self


You were on level 4 of the Dungeon.
You visited 1 branch of the dungeon, and saw 4 of its levels.

You collected 165 gold pieces.

Inventory:

Hand Weapons
 a - a +2 war axe of venom (weapon)
Armour
 b - a +0 scale mail
 c - a +0 buckler (worn)
 i - a +1 scale mail of poison resistance (worn)
Jewellery
 h - a ring of poison resistance
 l - an amulet of the acrobat (around neck)
Scrolls
 f - a scroll of brand weapon
 n - a scroll of identify
Potions
 d - 3 potions of might
 e - a potion of flight {unknown}
 g - a potion of heal wounds
 j - 2 potions of curing {unknown}
 k - 2 potions of mutation {unknown}
 m - a potion of degeneration {unknown}


   Skills:
 * Level 4.5 Fighting
 * Level 4.6 Axes
 * Level 4.6 Armour
 * Level 5.0 Shields


You had 5 spell levels left.
You didn't know any spells.
Your spell library contained the following spells:

 Spells                   Type           Power      Damage    Failure   Level
 Blade Hands              Tmut           0%         N/A       100%        5
 Irradiate                Conj/Tmut      0%         3d11      100%        5
 Dragon Form              Tmut           0%         N/A       100%        7


Dungeon Overview and Level Annotations

Branches:
Dungeon (4/15)
 Temple: D:4-7

Altars:
Makhleb
Okawaru
Qazlal
Wu Jian
Yredelemnul
Zin
Lugonu

Portals:
Abyss: D:1

Annotations:
D:1 2 runed translucent doors
D:4 Dowan, Duvessa


Innate Abilities, Weirdness & Mutations

You cannot be hasted, slowed, berserked, paralysed or teleported.
You can dig through walls and to a lower floor.
You have a pair of large antennae on your head. (SInv)
Your four strong arms can wield two-handed weapons with a shield.


Message History

Duvessa hits you with a +2 rapier of venom.
You are poisoned.
You hit Duvessa but do no damage.
Duvessa is poisoned.
Duvessa is lightly wounded.
You slash the endoplasm!
You kill the endoplasm!
You feel very sick. You block Duvessa's attack.
You slash Duvessa!
Duvessa looks as sick as possible!
Duvessa is heavily wounded.
You hit Dowan.
Dowan is poisoned.
You feel sick.
Duvessa hits you with a +2 rapier of venom!
You block Dowan's attack.
You are too injured to fight recklessly!
You are too injured to fight recklessly!
You are too injured to fight recklessly!
You are too injured to fight recklessly!
You are too injured to fight recklessly!
You are too injured to fight recklessly!
You are too injured to fight recklessly!
You are too injured to fight recklessly!
You are too injured to fight recklessly!
Unknown command.
You are too injured to fight recklessly!
You are too injured to fight recklessly!
Unknown command.
You slash Duvessa!
Duvessa looks as sick as possible!
Duvessa is severely wounded.
You miss Dowan.
You feel sick.
Duvessa says, "My weaknesses are his strengths!"
Duvessa closely misses you. Dowan hits you but does no damage.
Duvessa hits you with a +2 rapier of venom!
* * * LOW HITPOINT WARNING * * *
You block Dowan's attack.
You barely miss Duvessa.
Duvessa is severely wounded.
You closely miss Dowan.
You feel sick. Dowan gestures at you while chanting.
The puff of frost hits you.
You die...

#......##
#.......#
##.......## #
##.........#
####..........##
...).#.....#...#
#....##....##..##
###..###...##...##
#..# ##..###..@#
#..# #..##...ee.#
#..# ##..#....w..#
#..# #...!>.......
#..#
#..##...#.##...
...# ... .#.#..#
.. .... ..
...#..#. . .... #
..


You could see Duvessa (strong, extremely poisoned), Dowan (very poisoned) and a
dart slug.

Vanquished Creatures
  Eustachio (D:4)
  A hound (D:4)
  An iguana (D:4)
  Robin (D:3)
  3 adders
  3 worms (D:2)
  A dart slug (D:2)
  An orc (D:3)
  3 bats (D:2)
  9 endoplasms
  4 giant cockroaches
  14 goblins
  11 hobgoblins
  3 jackals (D:1)
  A quokka (D:2)
  10 ball pythons
  7 kobolds
  7 rats
81 creatures vanquished.

Notes
Turn   | Place    | Note
-------+----------+-------------------------------------------
     0 | D:1      | GigaChad the Formicid Fighter began the quest for the Orb.
     0 | D:1      | Reached XP level 1. HP: 18/18 MP: 1/1
    31 | D:1      | Found a large runed translucent door.
    31 | D:1      | Found a large runed translucent door.
    32 | D:1      | Noticed an iron imp
    33 | D:1      | Found a corrupted altar of Lugonu.
    33 | D:1      | Noticed a crimson imp
    41 | D:1      | Found a one-way gate to the infinite horrors of the Abyss.
    42 | D:1      | Noticed a crimson imp
    43 | D:1      | Noticed a crimson imp
    44 | D:1      | Noticed a crimson imp
   101 | D:1      | Reached XP level 2. HP: 21/24 MP: 2/2
   355 | D:1      | Reached XP level 3. HP: 30/30 MP: 3/3
  1289 | D:2      | Reached XP level 4. HP: 21/37 MP: 4/4
  1430 | D:2      | Identified the +3 sling of Demonkind {freeze, Will- rCorr
                  | Int+3 Dex+8}
  1867 | D:2      | Found a faded altar of an unknown god.
  2003 | D:3      | Found a stormy altar of Qazlal.
  2006 | D:3      | Found an ornate altar of the Wu Jian Council.
  2007 | D:3      | Found a basalt altar of Yredelemnul.
  2012 | D:3      | Found a burning altar of Makhleb.
  2172 | D:3      | Noticed Robin
  2185 | D:3      | Killed Robin
  2186 | D:3      | Reached XP level 5. HP: 32/42 MP: 5/5
  2242 | D:3      | Found an iron altar of Okawaru.
  2265 | D:3      | Found a glowing silver altar of Zin.
  2850 | D:4      | Noticed Eustachio
  2895 | D:4      | Killed Eustachio
  2896 | D:4      | Reached skill level 5 in Shields
  2896 | D:4      | Reached XP level 6. HP: 22/49 MP: 6/6
  3106 | D:4      | Noticed Duvessa
  3109 | D:4      | Noticed Dowan
  3115 | D:4      | Killed from afar by Dowan

Illustrated notes

Levels and vault maps discovered:
D:1:      erik_arrival_cave_to_civilisation [erik_arrival_cave_to_temple],
          layout_basic, minmay_pentomino_r4
D:2:      layout_loops_ring, shapermc_ecumenical_altar_mp_vishouse,
          kennysheep_minor_cross
D:3:      layout_basic, grunt_temple_overflow_open,
          mainiacjoe_overflow_two_lobes, hangedman_decor_push, uniq_robin
D:4:      layout_layer_cave, uniq_duvessa, uniq_eustachio

Skill      XL: |  1  2  3  4  5 |
---------------+----------------+-----
Axes           | 3 4 |  4.6
Fighting       | 4 |  4.5
Armour         | 4 |  4.6
Shields        | 5 |  5.0

Action                     |  1- 3 |  4- 6 || total
---------------------------+-------+-------++-------
  Melee: War axe           |   106 |   103 ||   209
    Use: Scroll            |     5 |     4 ||     9
 Armour: Scale mail        |    39 |    54 ||    93
  Dodge: Dodged            |    66 |    76 ||   142
  Block: Buckler           |    31 |    41 ||    72
